 Dungeon Crawl Stone Soup version 0.18.1-48-g4cf74bf (webtiles) character file.

135 Lennu the Ducker (level 5, -8/37 HPs)
             Began as a Merfolk Ice Elementalist on June 29, 2016.
             Killed by divine providence
             ... invoked by an orc priest
              (10 damage)
             ... on level 3 of the Dungeon.
             The game lasted 00:15:06 (2533 turns).

Lennu the Ducker (Merfolk Ice Elementalist)         Turns: 2533, Time: 00:15:08

Health: -8/37      AC:  9    Str:  9    XL:     5   Next: 18%
Magic:  0/8        EV: 14    Int: 15    God:
Gold:   90         SH:  0    Dex: 14    Spells: 2 memorised, 4 levels left

rFire  . . .     SeeInvis .     x - +3 quarterstaff (chaos)
rCold  . . .     Gourm    .     (no armour)
rNeg   . . .     Faith    .     (shield currently unavailable)
rPois  .         Spirit   +     (no helmet)
rElec  .         Dismiss  .     y - +1 cloak
rCorr  .         Reflect  .     w - +1 pair of gloves
SustAt .         Harm     .     (no boots)
MR     .....                    e - amulet of guardian spirit
Stlth  ++........               (no ring)
                                (no ring)

@: icy armour, very slightly contaminated, slowed, very slow, not resistant to
hostile enchantments, unstealthy
A: change form in water, swift swim
a: no special abilities


You were on level 3 of the Dungeon.
You were not hungry.

You visited 1 branch of the dungeon, and saw 3 of its levels.

You collected 90 gold pieces.

Inventory:

Hand Weapons
 d - a +3 short sword of speed
 l - a +1 spear
 x - a +3 quarterstaff of chaos (weapon)
Armour
 p - a +0 leather armour
 t - a +0 buckler
 w - a +1 pair of gloves (worn)
 y - a +1 cloak (worn)
Jewellery
 e - an amulet of guardian spirit (around neck)
Scrolls
 a - a scroll of enchant weapon
 k - 3 scrolls of teleportation
 m - 2 scrolls of identify
 r - a scroll of amnesia {unknown}
 s - a scroll of noise {unknown}
 v - a scroll of enchant armour {unknown}
Potions
 f - a potion of haste {unknown}
 g - a potion of might {unknown}
 h - a potion of flight {unknown}
 n - 2 potions of ambrosia
 q - a potion of resistance {unknown}
 u - a potion of cure mutation {unknown}
Books
 b - a book of Frost

   Spells                             Type                      Level
   a - Freeze                         Ice                          1
   b - Throw Frost                    Conjuration/Ice              2
   c - Ozocubu's Armour               Charms/Ice                   3
   d - Throw Icicle                   Conjuration/Ice              4
   e - Summon Ice Beast               Ice/Summoning                4
Comestibles
 c - a bread ration


   Skills:
 * Level 1.4 Fighting
 * Level 1.9 Polearms
 * Level 1.0 Armour
 * Level 4.5 Dodging
 - Level 2.1 Stealth
 + Level 2.2 Spellcasting
   Level 0.7 Conjurations
 * Level 4.1 Ice Magic


You had 4 spell levels left.
You knew the following spells:

 Your Spells              Type           Power        Failure   Level  Hunger
a - Freeze                Ice            ##..         4%          1    #......
b - Ozocubu's Armour      Chrm/Ice       #.......     30%         3    ###....


Dungeon Overview and Level Annotations

Branches:
Dungeon (3/15)

Altars:
Gozag
Beogh


Message History

The orc priest invokes the aid of Beogh against you.
Beogh smites you!
The orc wizard mumbles some strange words.
The orc wizard blinks!
The orc wizard misses you.
You closely miss the orc wizard.
The orc wizard is heavily wounded.
The orc wizard gestures at you while chanting.
The puff of frost hits you!
The orc wizard hits you but does no damage.
You sock the orc wizard!
You kill the orc wizard!
Your Armour skill increases to level 1!
You have reached level 5!
You feel clever.
The orc priest calls down the wrath of Beogh upon you.
Beogh smites you!
* * * LOW HITPOINT WARNING * * *
The orc priest mumbles some strange prayers to Beogh against you.
Beogh smites you!
You die...

#.# #.# ##.##
#.###.# #.#
#.##..# #.#
#.##.## #..
#.##.# #..
#.##.# #.##
#######.##.# #.#
#........######
#.#
#.######@##...##
#o#.8.8.#
#.o...._#
###.8.8$# #$$.##
####


You could see 2 orc priests.

Vanquished Creatures
  Crazy Yiuf (D:2)
  An orc wizard (D:3)
  A gnoll (D:1)
  An adder (D:2)
  2 worms
  An orc (D:3)
  4 giant cockroaches (D:1)
  8 goblins
  6 hobgoblins
  4 jackals (D:2)
  A quokka (D:2)
  A ball python (D:2)
  3 bats
  5 giant newts
  9 kobolds
  4 rats
52 creatures vanquished.

Notes
Turn   | Place    | Note
--------------------------------------------------------------
     0 | D:1      | Lennu the Merfolk Ice Elementalist began the quest for the Orb.
     0 | D:1      | Reached XP level 1. HP: 13/13 MP: 3/3
   251 | D:1      | Reached XP level 2. HP: 17/19 MP: 5/5
   463 | D:1      | Reached XP level 3. HP: 25/25 MP: 6/6
   986 | D:2      | Found a faded altar to an unknown god.
  1314 | D:2      | Learned a level 3 spell: Ozocubu's Armour
  1466 | D:2      | Found an opulent altar of Gozag.
  1980 | D:2      | Reached skill level 1 in Fighting
  1980 | D:2      | Reached XP level 4. HP: 28/32 MP: 7/7
  2073 | D:2      | Noticed Crazy Yiuf
  2085 | D:2      | Killed Crazy Yiuf
  2085 | D:2      | Reached skill level 1 in Polearms
  2518 | D:3      | Found a roughly hewn altar of Beogh.
  2533 | D:3      | Reached skill level 1 in Armour
  2533 | D:3      | Reached XP level 5. HP: 15/37 MP: 1/8
  2533 | D:3      | Killed from afar by an orc priest

Skill      XL: |  1  2  3  4 |
---------------+-------------+-----
Dodging        | 3 4 |  4.5
Ice Magic      | 4 |  4.1
Fighting       | 1 |  1.4
Polearms       | 1 |  1.9
Armour         | 1 |  1.0
Stealth        | |  2.1
Spellcasting   | |  2.2
Conjurations   | |  0.7

Action                   |  1- 3 |  4- 6 || total
-------------------------+-------+-------++-------
Melee: Short sword       |    31 |       ||    31
       Spear             |   117 |    18 ||   135
       Quarterstaff      |       |    18 ||    18
 Cast: Freeze            |     1 |       ||     1
       Ozocubu's Armour  |     2 |     3 ||     5
  Use: Scroll            |     5 |       ||     5
       Potion            |       |     3 ||     3
 Stab: Sleeping          |     1 |     2 ||     3
       Distracted        |     1 |     1 ||     2
       Paralysed         |       |     1 ||     1
  Eat: Chunk             |     4 |     2 ||     6
Armor: Robe              |     5 |       ||     5
       Ring mail         |    20 |       ||    20
       Leather armour    |    11 |     2 ||    13
       Skin              |       |     3 ||     3
Dodge: Dodged            |    83 |    18 ||   101
Block: Buckler           |     1 |     2 ||     3
